 Dungeon Crawl Stone Soup version 0.30.1-11-g7821555f0a (webtiles) character file.

Game seed: 2135477349174364631

597 cowcol the Chopper (level 7, -1/60 HPs)
             Began as a Minotaur Fighter on Nov 16, 2023.
             Slain by a gnoll sergeant
             ... wielding a +1 trident of flaming
              (10 damage)
             ... on level 4 of the Dungeon.
             The game lasted 00:09:56 (3355 turns).

cowcol the Chopper (Minotaur Fighter)               Turns: 3355, Time: 00:09:56

Health: -1/60      AC:  9    Str: 22    XL:     7   Next: 17%
Magic:  6/6        EV:  9    Int:  5    God:
Gold:   199        SH:  4    Dex: 10    Spells: 6/6 levels left

rFire   . . .        a - +0 war axe
rCold   . . .        c - +0 buckler
rNeg    . . .        b - +0 scale mail
rPois   .            (helmet restricted)
rElec   .            l - +0 cloak
rCorr   .            (no gloves)
SInv    .            (no boots)
Will    .....        (no amulet) Stlth
                     (no ring)
HPRegen 0.30/turn    (no ring)
MPRegen 0.10/turn

%: no passive effects
@: no status effects
A: horns 2, retaliatory headbutt
a: no special abilities


You were on level 4 of the Dungeon.
You visited 1 branch of the dungeon, and saw 5 of its levels.

You collected 221 gold pieces.
You spent 22 gold pieces at shops.

Inventory:

Hand Weapons
 a - a +0 war axe (weapon)
Missiles
 u - 3 atropa-tipped darts (quivered)
Armour
 b - a +0 scale mail (worn)
 c - a +0 buckler (worn)
 l - a +0 cloak (worn)
 q - a +0 chain mail
Jewellery
 r - a +6 ring of intelligence
Scrolls
 e - 2 scrolls of teleportation
 f - a scroll of poison
 g - 2 scrolls of enchant weapon
 k - a scroll of identify
 m - 2 scrolls of enchant armour
 o - 3 scrolls of amnesia
Potions
 d - a potion of might
 h - a potion of degeneration {unknown}
 i - 3 potions of magic
 j - a potion of heal wounds {unknown}
 p - a potion of brilliance {unknown}
 t - a potion of resistance {unknown}


   Skills:
 - Level 4.5 Fighting
 + Level 7.3 Axes
 + Level 0.3 Throwing
 + Level 6.5 Armour
 - Level 3.6 Shields


You had 6 spell levels left.
You didn't know any spells.
Your spell library was empty.

Dungeon Overview and Level Annotations

Branches:
Dungeon (5/15)
 Temple: D:4-7

Altars:
Cheibriados
Gozag
Sif Muna
Wu Jian

Shops:
D:3 *


Innate Abilities, Weirdness & Mutations

You have a pair of horns on your head.
You reflexively headbutt those who attack you in melee.


Message History

The gnoll sergeant burns you.
* * * LOW HITPOINT WARNING * * *
The gnoll barely misses you. The gnoll sergeant barely misses you.
There is a stone staircase leading up here.
You see here a +0 halberd.
You block the gnoll's attack.
The gnoll sergeant hits you with a +1 trident of flaming.
* * * LOW HITPOINT WARNING * * *
The gnoll sergeant burns you.
* * * LOW HITPOINT WARNING * * *
You climb upwards.
There is a stone staircase leading down here.
You feel better. The gnoll sergeant barely misses you.
The gnoll hits you but does no damage.
The gnoll sergeant hits you with a +1 trident of flaming!
* * * LOW HITPOINT WARNING * * *
The gnoll sergeant burns you.
* * * LOW HITPOINT WARNING * * *
The gnoll completely misses you. You furiously retaliate!
You headbutt the gnoll!
You kill the gnoll!
You feel better.
The gnoll sergeant hits you with a +1 trident of flaming.
* * * LOW HITPOINT WARNING * * *
The gnoll sergeant burns you.
* * * LOW HITPOINT WARNING * * *
A gnoll sergeant is nearby!
A gnoll sergeant is nearby!
A gnoll sergeant is nearby!
A gnoll sergeant is nearby!
A gnoll sergeant is nearby!
You hit the gnoll sergeant but do no damage.
The gnoll sergeant is moderately wounded.
You block the gnoll sergeant's attack. The gnoll sergeant barely misses you.
You furiously retaliate!
You headbutt the gnoll sergeant, but do no damage.
You hit the gnoll sergeant but do no damage.
The gnoll sergeant is moderately wounded.
The gnoll sergeant hits you with a +1 trident of flaming!
You die...

#.# #..##.#.# ##.#######
#.....#.# .(.......#
#.....#'####### .........#
#.............# .......).#
#.............# .........#
#.............# .........#
#.............#
###############.g<..........####
)..............>@...........)..##
###########~~~~~).....########..#
# #~~~~~~~~########### ##.# #
######~≈≈≈≈~~~###.....####.# #
#))..###≈######.........).)# #
#......###.......#####.....# ###
#####..........###≈≈≈####).# ..#
###...######~~~≈~~~~..##
#.##############...~~~~~~~~~..##


You could see a gnoll sergeant.

Vanquished Creatures
  An ice beast (D:4)
  Blork the orc (D:4)
  A kobold brigand (D:4)
  A scorpion (D:4)
  2 hounds (D:4)
  An orc priest (D:4)
  8 gnolls
  4 adders
  A white imp (D:4)
  A worm (D:2)
  5 dart slugs
  12 orcs
  7 bats
  6 endoplasms
  8 goblins
  10 hobgoblins
  3 jackals (D:1)
  A quokka (D:3)
  3 ball pythons
  3 frilled lizards
  13 kobolds
  5 rats
97 creatures vanquished.

Notes
Turn   | Place    | Note
-------+----------+-------------------------------------------
     0 | D:1      | cowcol the Minotaur Fighter began the quest for the Orb.
     0 | D:1      | Reached XP level 1. HP: 19/19 MP: 0/0
   100 | D:1      | Reached XP level 2. HP: 27/27 MP: 1/1
   605 | D:2      | Reached skill level 3 in Axes
   668 | D:2      | Reached XP level 3. HP: 32/33 MP: 2/2
   733 | D:2      | Found a faded altar of an unknown god.
  1049 | D:2      | Found a shimmering blue altar of Sif Muna.
  1342 | D:3      | Found Waosick's General Store.
  1366 | D:3      | Reached XP level 4. HP: 37/41 MP: 3/3
  1367 | D:3      | Bought a scroll of identify for 22 gold pieces
  1565 | D:3      | Found an opulent altar of Gozag.
  1566 | D:3      | Found a snail-covered altar of Cheibriados.
  1567 | D:3      | Found an ornate altar of the Wu Jian Council.
  1767 | D:3      | Reached skill level 4 in Axes
  1808 | D:4      | Noticed a kobold brigand
  1849 | D:4      | Reached skill level 5 in Armour
  1971 | D:4      | Reached XP level 5. HP: 47/47 MP: 4/4
  2149 | D:4      | Reached skill level 5 in Axes
  2236 | D:4      | Reached XP level 6. HP: 23/53 MP: 5/5
  2461 | D:4      | Reached skill level 6 in Axes
  2637 | D:4      | Noticed Blork the orc
  2645 | D:4      | Killed Blork the orc
  3091 | D:4      | Noticed an ice beast
  3099 | D:4      | Killed an ice beast
  3100 | D:4      | Reached skill level 7 in Axes
  3100 | D:4      | Reached XP level 7. HP: 45/60 MP: 6/6
  3331 | D:5      | Entered Level 5 of the Dungeon
  3355 | D:4      | Slain by a gnoll sergeant

Illustrated notes

Levels and vault maps discovered:
D:1:      saegor_arrival_simple_e, layout_basic
D:2:      wad_pebble_path, layout_loops_ring, basic_altar,
          hellmonk_ecumenical_altar_run_dry
D:3:      layout_rooms, gammafunk_temple_overflow_forgotten, serial_shops, shop
D:4:      cheibrodos_thug_alley, layout_basic, uniq_blork_the_orc
D:5:      layout_loops_cross, minmay_temple_entry_tees, uniq_sigmund

Skill      XL: |  1  2  3  4  5  6 |
---------------+-------------------+-----
Fighting       | 4 |  4.5
Armour         | 4 5 6 |  6.5
Axes           | 3 4 5 7 |  7.3
Throwing       | |  0.3
Shields        | |  3.6

Action                     |  1- 3 |  4- 6 |  7- 9 || total
---------------------------+-------+-------+-------++-------
  Melee: War axe           |    95 |   125 |     6 ||   226
         Headbutt          |    12 |    14 |     1 ||    27
  Throw: Dart              |       |     6 |     3 ||     9
    Use: Scroll            |     3 |     4 |       ||     7
         Potion            |       |     1 |     2 ||     3
 Armour: Scale mail        |    48 |    52 |     4 ||   104
  Dodge: Dodged            |    43 |    48 |    10 ||   101
  Block: Buckler           |    21 |    30 |     5 ||    56
